AoeStats
← l1si

MegaRandom

511333761Analyzed
2v2 RM · 14d ago on Oct 4, 2026· 79m 29s· 4 players
Game mode
Random Map
Map size
Medium (4 player)
Population
200
Speed
Normal
Resources
Standard
Victory
Conquest
Starting age
Dark Age
Ending age
Imperial Age
RankedLock teamsTeams togetherTeam positionsShared explorationLock speedFull tech treeHidden civsTurbo modeCheats
Victory
Defeat
🇸🇪 Wei · Sweden
928
+13
🇸🇪 Gurjaras · Sweden
842
+16
vs
🇨🇾 Khmer · Cyprus
872
-15
🇨🇾 Slavs · Cyprus
850
-14
LEO420
7:53 Loom
12:18 Feudal Age
17:57 Castle Age
28:40 Pikeman
40:19 Double-Bit Axe
44:54 Imperial Age
43:00 Wheelbarrow
44:14 Tusk Swords
44:46 Scale Mail Armor
44:56 Forging
45:04 Forging
45:26 Heavy Scorpion
47:25 Halberdier
49:04 Bow Saw
49:59 Iron Casting
49:39 Chain Mail Armor
50:50 Hand Cart
54:30 Arson
55:48 Blast Furnace
54:54 Scale Barding Armor
58:06 Double Crossbow
58:12 Double Crossbow
58:33 Conscription
67:40 Ballistics
68:24 Chemistry
67:30 Siege Engineers
l1si
10:17 Loom
13:42 Feudal Age
14:14 Double-Bit Axe
16:29 Wheelbarrow
23:03 Castle Age
21:36 Gold Mining
22:25 Fishing Lines
28:07 Squires
27:29 Pikeman
32:17 Gold Shaft Mining
36:50 Imperial Age
34:37 Hand Cart
34:57 Scale Mail Armor
35:07 Forging
36:16 Stone Mining
38:21 Druzhina
38:44 Conscription
39:39 Bow Saw
49:25 Hand Cart
52:29 Chain Mail Armor
52:50 Iron Casting
54:58 Detinets
65:56 Halberdier
69:05 Two-Man Saw
74:10 Elite Boyar
kvarten[A]
11:19 Loom
17:15 Feudal Age
18:41 Double-Bit Axe
19:30 Bloodlines
26:15 Forging
26:11 Scale Barding Armor
28:45 Horse Collar
32:56 Castle Age
34:27 Light Cavalry
36:10 Husbandry
43:59 Wheelbarrow
45:40 Heavy Plow
46:23 Stone Mining
46:31 Gold Mining
48:17 Hand Cart
51:40 Gold Shaft Mining
56:21 Imperial Age
54:39 Fletching
54:49 Padded Archer Armor
56:48 Kshatriyas
57:28 Conscription
56:55 Onager
58:38 Chain Barding Armor
58:53 Iron Casting
58:15 Bodkin Arrow
58:20 Padded Archer Armor
60:43 Elite Shrivamsha Rider
62:30 Bracer
62:46 Leather Archer Armor
63:32 Hussar
63:37 Heavy Camel Rider
67:45 Kshatriyas
71:42 Elite Chakram Thrower
76:06 Plate Barding Armor
75:32 Scale Mail Armor
76:42 Town Watch
79:24 Chain Mail Armor
macke
12:20 Loom
15:19 Feudal Age
17:14 Bloodlines
18:16 Forging
19:20 Scale Barding Armor
25:30 Horse Collar
29:23 Castle Age
28:49 Double-Bit Axe
30:42 Stone Mining
33:19 Light Cavalry
34:01 Husbandry
35:08 Chain Barding Armor
35:23 Iron Casting
36:14 Wheelbarrow
35:42 Gold Mining
36:29 Stone Shaft Mining
37:17 Heavy Plow
37:17 Fletching
39:29 Fervor
39:26 Tuntian
40:18 Gold Shaft Mining
40:00 Bow Saw
42:25 Hand Cart
43:08 Bodkin Arrow
47:23 Imperial Age
44:39 Town Watch
47:29 Thumb Ring
47:42 Elite Tiger Cavalry
48:43 Conscription
49:23 Guard Tower
50:33 Chemistry
49:55 Ballistics
50:38 Chemistry
49:34 Murder Holes
49:31 Heated Shot
49:54 Caravan
51:53 Parthian Tactics
51:58 Ming Guang Armor
52:58 Blast Furnace
51:59 Bracer
51:59 Padded Archer Armor
52:50 Crop Rotation
54:39 Onager
68:10 Hoardings
72:40 Leather Archer Armor
76:57 Ring Archer Armor
80:04 Keep
79:40 Masonry
79:13 Treadmill Crane
80:02 Medium Warships
Connection lost

Rejoining the realm…

Still unreachable

The connection could not be restored.

Session expired

The server has moved on; the page needs a fresh start.